 Seeded DCSS version 0.32-a0-876-gcfddb08 (webtiles) character file.

Game seed: 4061798630863631340 (custom seed)

252 brinewave the Sneak (level 6, 0/48 HPs)
             Began as a Barachi Brigand on Apr 1, 2024.
             Slain by a lemure (8 damage)
             ... led by Pikel
             ... on level 4 of the Dungeon.
             The game lasted 00:09:33 (2328 turns).

brinewave the Sneak (Barachi Brigand)               Turns: 2328, Time: 00:09:33

Health: 0/48       AC:  4    Str: 12    XL:     6   Next: 14%
Magic:  6/6        EV: 12    Int: 12    God:
Gold:   201        SH:  0    Dex: 15    Spells: 5/5 levels left

rFire   . . .        a - +2 dagger
rCold   + . .        (no shield)
rNeg    . . .        b - +0 robe
rPois   .            t - +1 hat
rElec   .            c - +0 cloak
rCorr   .            (no gloves)
SInv    .            (no boots)
Will    .....        k - amulet of magic regeneration
Stlth   +++          j - ring of protection from cold
HPRegen 0.28/turn    (no ring)
MPRegen 0.50/turn

%: no passive effects
@: mighty, slow
A: amphibious, slowness 1, strong legs 1, +LOS
a: Hop


You were on level 4 of the Dungeon.
You visited 1 branch of the dungeon, and saw 4 of its levels.

You collected 201 gold pieces.

Inventory:

Hand Weapons
 a - a +2 dagger (weapon)
Missiles
 d - 10 poisoned darts (quivered)
 e - 3 curare-tipped darts
 f - a boomerang
 i - 29 stones
Armour
 b - a +0 robe (worn)
 c - a +0 cloak (worn)
 t - a +1 hat (worn)
Jewellery
 j - a ring of protection from cold (left hand)
 k - an amulet of magic regeneration (around neck)
Wands
 s - a wand of digging (6)
Scrolls
 h - a scroll of teleportation {unknown}
 n - a scroll of enchant armour {unknown}
Potions
 g - a potion of haste {unknown}
 l - 2 potions of curing
 o - a potion of enlightenment {unknown}
 p - a potion of ambrosia {unknown}
 q - a potion of cancellation {unknown}
 r - a potion of attraction {unknown}


   Skills:
 + Level 4.2 Fighting
 + Level 3.8 Short Blades
 - Level 2.1 Throwing
 + Level 3.2 Dodging
 + Level 4.6 Stealth


You had 5 spell levels left.
You didn't know any spells.
Your spell library contained the following spells:

 Spells                   Type           Power      Damage    Failure   Level
 Freeze                   Ice            0%         1d3       32%         1
 Magic Dart               Conj           0%         1d3       32%         1
 Slow                     Hex            0%         N/A       32%         1
 Blink                    Tloc           0%         N/A       45%         2
 Call Imp                 Summ           0%         N/A       45%         2
 Call Canine Familiar     Summ           0%         N/A       69%         3
 Confusing Touch          Hex            0%         N/A       69%         3
 Frozen Ramparts          Ice            0%         1d1       69%         3
 Hailstorm                Conj/Ice       0%         3d5       69%         3
 Sigil of Binding         Hex            0%         N/A       69%         3
 Vampiric Draining        Necr           0%         2d6       69%         3
 Dimensional Bullseye     Hex/Tloc       0%         N/A       97%         4
 Death Channel            Necr           0%         N/A       100%        6
 Sculpt Simulacrum        Ice/Alch       0%         N/A       100%        6


Dungeon Overview and Level Annotations

Branches:
Dungeon (4/15)
 Temple: D:4-7

Altars:
Ru
Vehumet


Innate Abilities, Weirdness & Mutations

You are amphibious.
You cover ground slowly.
You can hop short distances.
You have an extended range of vision and can be seen from far away.


Message History

The lemure barely misses you.
You completely miss the lemure.
The lemure is moderately wounded.
The lemure misses you. The lemure attacks as it pursues you!
The lemure hits you but does no damage.
Throw: 11 darts (poison)
Press: ? - help, Q - select action, (/) - cycle Shift-Dir - straight line, f/p - lemure
Aim: a lemure (moderately wounded, poisoned, 51% to hit)
You throw a poisoned dart. The poisoned dart hits the lemure.
The lemure looks even sicker.
The lemure is moderately wounded.
The lemure hits you.
You hit the lemure but do no damage.
The lemure is moderately wounded.
You hit the lemure but do no damage.
The lemure is heavily wounded.
The lemure hits you!
You barely miss the lemure.
The lemure is heavily wounded.
The lemure barely misses you.
You closely miss the lemure.
The lemure is heavily wounded.
The lemure hits you.
You hit the lemure.
The lemure is heavily wounded.
The lemure hits you.
* * * LOW HITPOINT WARNING * * *
You miss the lemure.
The lemure is heavily wounded.
The lemure attacks as it pursues you! The lemure hits you.
* * * LOW HITPOINT WARNING * * *
The lemure hits you.
* * * LOW HITPOINT WARNING * * *
The lemure looks more healthy.
The lemure attacks as it pursues you! The lemure hits you.
* * * LOW HITPOINT WARNING * * *
Okay, then.
You feel very mighty all of a sudden. The lemure hits you!
You die...

######.###############.
.....................>##
.......####.#...####....
###### #.#...####...#
#.#...#......#
#######.#.†.#.##...#
+..................#
#.#####.#####.#....#
#..@5..(.(.(...#5..# #+#
#...†##.########...# #.#
#....##... ...# #.#
#....###### #..# #.#
#......# ...
.#########.# #......#
..# ........##.#
#......# ..#
#######.##'###......# !#
#.....#...........###


You could see a lemure.

Vanquished Creatures
  A scorpion (D:4)
  A hound (D:4)
  An orc priest (D:3)
  An orc wizard (D:3)
  4 adders
  2 dart slugs
  2 ribbon worms
  6 orcs
  3 ball pythons
  5 bats
  6 endoplasms
  3 giant cockroaches
  4 goblins
  5 hobgoblins
  3 jackals (D:3)
  5 quokkas
  3 frilled lizards
  2 kobolds
  4 rats
61 creatures vanquished.

Notes
Turn   | Place    | Note
-------+----------+-------------------------------------------
     0 | D:1      | brinewave the Barachi Brigand began the quest for the Orb.
     0 | D:1      | Reached XP level 1. HP: 17/17 MP: 1/1
   289 | D:1      | Reached XP level 2. HP: 23/23 MP: 2/2
   798 | D:2      | Reached XP level 3. HP: 27/28 MP: 3/3
  1358 | D:3      | Found a radiant altar of Vehumet.
  1403 | D:3      | Reached XP level 4. HP: 33/35 MP: 4/4
  1424 | D:3      | Found a sacrificial altar of Ru.
  1613 | D:3      | Reached XP level 5. HP: 29/41 MP: 5/5
  2165 | D:4      | Reached XP level 6. HP: 27/48 MP: 6/6
  2328 | D:4      | Slain by a lemure

Illustrated notes

Levels and vault maps discovered:
D:1:      dpeg_arrival_rooms_b, layout_loops_cross, serial_aquarium,
          aquarium_bridge_straight [aquarium_subvault_bridge,
          aquarium_subvault_window, aquarium_subvault_bridge,
          aquarium_subvault_wall], aquarium_bridge_straight
          [aquarium_subvault_bridge, aquarium_subvault_balcony,
          aquarium_subvault_bridge, aquarium_subvault_wall],
          aquarium_window_fake, aquarium_window_2, aquarium_window_fake,
          aquarium_view_2d, aquarium_view_2c
D:2:      layout_rooms, kennysheep_generic_room_12
D:3:      layout_rooms, fiery_altar_vehumet, nicolae_ru_great_annihilating_truth
D:4:      layout_basic, lightli_temple_of_fire, uniq_pikel

Skill      XL: |  1  2  3  4  5 |
---------------+----------------+-----
Fighting       | 3 4 |  4.2
Dodging        | 2 3 |  3.2
Stealth        | 4 |  4.6
Short Blades   | 3 |  3.8
Throwing       | |  2.1

Action                     |  1- 3 |  4- 6 || total
---------------------------+-------+-------++-------
  Melee: Dagger            |    95 |   125 ||   220
  Throw: Dart              |     2 |    15 ||    17
    Use: Scroll            |     3 |       ||     3
         Potion            |       |     3 ||     3
   Stab: Sleeping          |     9 |     4 ||    13
 Armour: Robe              |    30 |    82 ||   112
  Dodge: Dodged            |    43 |    69 ||   112

Table legend: (Time is in decaauts)
 A = Elapsed time spent in this place.
 B = Non-inter-level travel time spent in this place.
 C = Inter-level travel time spent in this place.
 D = Time resting spent in this place.
 E = Time spent auto-exploring this place.
 F = Levels seen in this place.
 G = Mean time per level.
                   A        B        C        D        E       F      G
               +--------+--------+--------+--------+--------+-----+--------+
         Total |   2619 |   2558 |     61 |    190 |   1603 |   4 |  654.8 |
       Dungeon |   2619 |   2558 |     61 |    190 |   1603 |   4 |  654.8 |
               +--------+--------+--------+--------+--------+-----+--------+

Top non-repeatable levels by time:
     D:3: 833 daAuts
     D:1: 811 daAuts
     D:2: 548 daAuts
     D:4: 425 daAuts
